AoeStats
← SlightlySaltedCamelCrisps

Socotra

504826847Analyzed
3v3 RM · 27d ago on Sep 6, 2026· 18m 28s· 6 players
Game mode
Random Map
Map size
128×128
Population
200
Speed
Normal
Resources
Standard
Victory
Conquest
Starting age
Dark Age
Ending age
Imperial Age
RankedLock teamsTeams togetherTeam positionsShared explorationLock speedFull tech treeHidden civsTurbo modeCheats
Victory
Defeat
🇫🇷 Koreans · France
1361
+12
🇫🇷 Chinese · France
1267
+16
🇫🇷 Magyars · France
1189
+19
🇩🇪 Maya · Germany
1309
-17
🇩🇪 Vietnamese · Germany
1239
-15
🇩🇪 Romans · Germany
1239
-15
eastemnet
0:28 Loom
11:37 Feudal Age
12:39 Double-Bit Axe
14:07 Horse Collar
14:46 Fletching
16:51 Wheelbarrow
16:02 Town Watch
16:58 Padded Archer Armor
jimima
2:39 Loom
11:28 Feudal Age
12:54 Horse Collar
17:43 Fletching
17:54 Padded Archer Armor
SlightlySaltedCamelCrisps
7:08 Loom
10:26 Feudal Age
10:31 Man-at-Arms
11:56 Double-Bit Axe
12:30 Scale Mail Armor
15:56 Horse Collar
Le Cheval
0:27 Loom
8:26 Feudal Age
9:15 Double-Bit Axe
13:05 Fletching
19:21 Wheelbarrow
18:50 Padded Archer Armor
hartflie
10:44 Feudal Age
11:31 Double-Bit Axe
12:49 Bloodlines
12:58 Bloodlines
15:09 Horse Collar
17:31 Scale Barding Armor
17:27 Scale Mail Armor
Le Belliqueux
7:08 Loom
10:00 Feudal Age
11:18 Double-Bit Axe
16:07 Fletching
Connection lost

Rejoining the realm…

Still unreachable

The connection could not be restored.

Session expired

The server has moved on; the page needs a fresh start.